 Dungeon Crawl Stone Soup version 0.19-a0-353-g6b7ed47 (webtiles) character file.

5304 shmeve the Cleaver (level 10, -3/144 HPs)
             Began as a Deep Dwarf Berserker on May 29, 2016.
             Was an Elder of Trog.
             Slain by a 12-headed hydra (5 damage)
             ... on level 1 of the Lair of Beasts on May 30, 2016.
             The game lasted 00:22:42 (7593 turns).

shmeve the Cleaver (Deep Dwarf Berserker)           Turns: 7593, Time: 00:22:43

Health: -3/144     AC: 15    Str: 29    XL:     10   Next: 37%
Magic:  9/9        EV: 12    Int:  8    God:    Trog [****..]
Gold:   318        SH:  5    Dex: 12    Spells: 0 memorised, 9 levels left

rFire  + . .     SeeInvis .     K - +0 broad axe
rCold  . . .     Gourm    .     l - +0 chain mail
rNeg   . . .     Faith    .     L - +0 buckler
rPois  +         Spirit   .     (no helmet)
rElec  .         Dismiss  .     O - +0 cloak
rCorr  .         Reflect  .     t - +1 pair of gloves
SustAt .         Harm     .     q - +0 pair of boots
MR     +....                    (no amulet)
Stlth  ..........               Q - ring of poison resistance
                                H - ring of protection from fire

@: berserking, non-regenerating, very quick, somewhat resistant to hostile
enchantments, extremely unstealthy
A: damage resistance, recharge devices, sense surroundings 2, slow regeneration
3
a: Device Recharging, Berserk, Trog's Hand, Brothers in Arms, Burn Spellbooks,
Renounce Religion


You were on level 1 of the Lair of Beasts.
You worshipped Trog.
Trog was greatly pleased with you.
You were hungry.

You visited 2 branches of the dungeon, and saw 9 of its levels.

You collected 468 gold pieces.
You spent 150 gold pieces at shops.

Inventory:

Hand Weapons
 K - a +0 broad axe (weapon)
Armour
 l - a +0 chain mail (worn)
 q - a +0 pair of boots (worn)
 t - a +1 pair of gloves (worn)
 L - a +0 buckler (worn)
 O - a +0 cloak (worn)
Jewellery
 r - an uncursed ring of magical power
 s - an uncursed ring of magical power
 H - a ring of protection from fire (left hand)
 Q - a ring of poison resistance (right hand)
Wands
 c - a wand of heal wounds (1/9)
 u - a wand of iceblast (3/15)
 F - a wand of digging (12/24)
 J - a wand of lightning (10/15)
 M - a wand of disintegration (16/24)
 N - a wand of digging (8/24)
Scrolls
 a - a scroll of torment {unknown}
 b - a scroll of amnesia {unknown}
 e - 7 scrolls of teleportation {unknown}
 g - 2 scrolls of magic mapping {unknown}
 j - 3 scrolls of recharging {unknown}
 k - a scroll of fear {unknown}
 m - 3 scrolls of fog {unknown}
 o - 9 scrolls of identify {unknown}
 p - 2 scrolls of blinking {unknown}
 y - 3 scrolls of enchant weapon {unknown}
 B - 3 scrolls of remove curse {unknown}
 D - 2 scrolls of enchant armour {unknown}
Potions
 h - 9 potions of curing {unknown}
 i - 2 potions of lignification {unknown}
 n - a potion of resistance {unknown}
 v - 2 potions of haste {unknown}
 w - a potion of brilliance {unknown}
 x - a potion of cancellation {unknown}
 z - 2 potions of flight {unknown}
 A - 2 potions of invisibility {unknown}
 C - 4 potions of heal wounds
 E - a potion of berserk rage
 G - 2 potions of degeneration {unknown}
 I - a potion of might
 R - a potion of cure mutation {unknown}
 S - a potion of beneficial mutation {unknown}
Comestibles
 d - 14 bread rations
 f - 3 meat rations
 P - 5 chunks of flesh


   Skills:
 - Level 7.8 Fighting
 - Level 9.3 Axes
 - Level 6.4 Armour
 - Level 6.3 Dodging
 + Level 6.4 Shields
 - Level 5.3 Evocations


You had 9 spell levels left.
You didn't know any spells.

Dungeon Overview and Level Annotations

Branches:
Dungeon (8/15)             Temple (0/1) D:7            Lair (1/8) D:8

Altars:
Cheibriados
Dithmenos
Elyvilon
Fedhas
Gozag
Hepliaklqana
Nemelex Xobeh
Okawaru
Qazlal
Ukayaw
Vehumet
Xom
Yredelemnul
Zin
The Shining One

Shops:
D:5 !}*:   D:8 ([


Innate Abilities, Weirdness & Mutations

You are resistant to damage.
You can recharge devices by infusing magical energy.
You passively map the area around you.
You do not regenerate naturally.


Message History

The ten-headed hydra is heavily wounded.
You chop one of the ten-headed hydra's heads off!
The nine-headed hydra grows two more!
You slice the 11-headed hydra!!
The 11-headed hydra is severely wounded.
The 11-headed hydra misses you. The 11-headed hydra bites you.
You block the 11-headed hydra's attack. x2; The 11-headed hydra bites you.
* * * LOW HITPOINT WARNING * * *
The 11-headed hydra barely misses you. You block the 11-headed hydra's attack.
The 11-headed hydra bites you but does no damage. x3
The 11-headed hydra barely misses you.
You chop one of the 11-headed hydra's heads off!
The ten-headed hydra grows two more!
You slash the 12-headed hydra!
The 12-headed hydra is severely wounded.
The 12-headed hydra bites you but does no damage.
The 12-headed hydra bites you!
* * * LOW HITPOINT WARNING * * *
The 12-headed hydra bites you!
* * * LOW HITPOINT WARNING * * *
The 12-headed hydra bites you!
You die...

* ,
.......<..... ,
.............
.##.......... **
* ##
#P....#.#.+# #.
####.#
##.......... #.#
#....
#.......... #.#
*...,,*
#...#...... #.#
#D#
*#....#......
##.####@#* ##...
#......
#P...##'##.###.,
######.
*#.............,
,...
##.............
, ...
#..............,
....
##.............,
, ....
##.............,
...(
#...#.#######..
* +##. ##..### *
* .., ..


You could see a 12-headed hydra.

Vanquished Creatures
  Pikel (D:6)
  A spiny frog (Lair:1)
  The ghost of latrans the Covered, a novice GrFi (D:4)
  Grinder (D:6)
  Sigmund (D:6)
  A spriggan (D:7)
  Eustachio (D:6)
  2 hungry ghosts (D:8)
  Duvessa (D:4)
  Edmund (D:6)
  A water moccasin (Lair:1)
  Purgy (D:3)
  A sky beast (D:7)
  4 slaves (D:6)
  A phantom (D:8)
  6 ogres
  5 wolves (Lair:1)
  2 centaurs
  3 crocodiles
  5 giant frogs (Lair:1)
  Dowan (D:4)
  A gnoll sergeant (D:8)
  2 scorpions
  A jelly (D:7)
  4 howler monkeys
  4 crimson imps
  A quasit (D:8)
  An orc priest (D:5)
  A giant frog skeleton (D:6)
  An orc wizard (D:6)
  2 iguanas
  6 worker ants
  A hound zombie (D:8)
  2 hound skeletons
  A worker ant zombie (D:6)
  7 gnolls
  14 adders
  A shadow imp (D:5)
  An ooze (D:7)
  2 adder zombies
  An adder skeleton (D:7)
  5 dart slugs
  7 giant geckos
  11 orcs
  9 giant cockroaches
  5 goblins
  9 hobgoblins
  12 jackals
  8 kobolds
  3 quokkas
  5 ball pythons
  15 bats
  2 giant gecko skeletons
  7 giant newts
  7 rats
200 creatures vanquished.

Notes
Turn   | Place    | Note
--------------------------------------------------------------
     0 | D:1      | shmeve the Deep Dwarf Berserker began the quest for the Orb.
     0 | D:1      | Reached XP level 1. HP: 20/20 MP: 1/1
   119 | D:1      | Upgraded the game from 0.19-a0-330-g034cfd4 to 0.19-a0-353-g6b7ed47
   121 | D:1      | Reached XP level 2. HP: 14/27 MP: 2/2
   585 | D:1      | Reached ** piety under Trog
   658 | D:1      | Reached XP level 3. HP: 33/34 MP: 3/3
   848 | D:1      | Reached skill level 4 in Axes
  1162 | D:2      | Found a hazy altar of Hepliaklqana.
  1390 | D:2      | Reached XP level 4. HP: 38/42 MP: 4/4
  1534 | D:2      | Found a white marble altar of Elyvilon.
  1766 | D:2      | You fall through a shaft!
  1947 | D:3      | Found a radiant altar of Vehumet.
  2059 | D:3      | Found a basalt altar of Yredelemnul.
  2158 | D:3      | Reached *** piety under Trog
  2192 | D:3      | Noticed Purgy
  2202 | D:3      | Killed Purgy
  2202 | D:3      | Reached XP level 5. HP: 50/50 MP: 4/4
  2273 | D:3      | Found an iron altar of Okawaru.
  2583 | D:4      | Noticed Duvessa
  2583 | D:4      | Noticed Dowan
  2598 | D:4      | Killed Duvessa
  2598 | D:4      | Reached skill level 5 in Axes
  2598 | D:4      | Reached XP level 6. HP: 58/58 MP: 5/5
  2623 | D:4      | HP: 2/58 [Dowan/shard of ice (10)]
  2624 | D:4      | Killed Dowan
  2844 | D:4      | Noticed latrans's ghost (novice GrFi)
  2932 | D:4      | Killed latrans's ghost
  2932 | D:4      | Reached skill level 5 in Fighting
  2932 | D:4      | Reached skill level 6 in Axes
  2932 | D:4      | Reached XP level 7. HP: 19/67 MP: 6/6
  2969 | D:4      | Found a stormy altar of Qazlal.
  3051 | D:4      | Found a blossoming altar of Fedhas.
  3532 | D:4      | Found a glowing golden altar of the Shining One.
  3679 | D:5      | Entered Level 5 of the Dungeon
  3706 | D:5      | Found a hide-covered altar to Ukayaw.
  3729 | D:5      | Found Roxoat's Gadget Emporium.
  3853 | D:5      | Found Wofi's Distillery.
  4017 | D:5      | Reached XP level 8. HP: 34/76 MP: 6/6
  4028 | D:5      | Found a shimmering altar of Xom.
  4042 | D:5      | Found Ygra's Book Emporium.
  4076 | D:5      | Found Goanig Jaoq's General Store.
  4084 | D:5      | Bought a potion of heal wounds for 75 gold pieces
  4084 | D:5      | Bought a potion of heal wounds for 75 gold pieces
  4097 | D:5      | Reached skill level 1 in Evocations
  4179 | D:5      | Reached skill level 7 in Axes
  4456 | D:6      | Noticed Grinder
  4493 | D:6      | Killed Grinder
  4530 | D:6      | Noticed Edmund
  4549 | D:6      | Killed Edmund
  4549 | D:6      | Reached skill level 5 in Armour
  4569 | D:6      | Found a shadowy altar of Dithmenos.
  4569 | D:6      | Noticed Eustachio
  4608 | D:6      | Killed Eustachio
  4608 | D:6      | Reached skill level 5 in Dodging
  4618 | D:6      | Noticed Sigmund
  4623 | D:6      | Killed Sigmund
  4651 | D:6      | Reached **** piety under Trog
  4673 | D:6      | Noticed Pikel
  4689 | D:6      | Killed Pikel
  4689 | D:6      | Reached skill level 8 in Axes
  4689 | D:6      | Gained mutation: You passively map the area around you. [Deep Dwarf growth]
  4689 | D:6      | Reached XP level 9. HP: 86/86 MP: 9/9
  5296 | D:7      | Found a staircase to the Ecumenical Temple.
  5653 | D:7      | Found an opulent altar of Gozag.
  5878 | D:7      | Found a snail-covered altar of Cheibriados.
  5982 | D:7      | Found a sparkling altar of Nemelex Xobeh.
  6066 | D:8      | Found Xiumn's Antique Weapon Emporium.
  6153 | D:8      | Reached skill level 9 in Axes
  6206 | D:8      | Reached skill level 5 in Evocations
  6448 | D:8      | Found Ahuh's Antique Armour Boutique.
  6477 | D:8      | Found a staircase to the Lair.
  6548 | D:8      | Reached skill level 1 in Shields
  6586 | D:8      | Reached XP level 10. HP: 51/96 MP: 9/9
  6835 | D:8      | Found a glowing silver altar of Zin.
  7149 | Lair:1   | Entered Level 1 of the Lair of Beasts
  7477 | Lair:1   | Noticed a spiny frog
  7489 | Lair:1   | Killed a spiny frog
  7489 | Lair:1   | Reached skill level 5 in Shields
  7585 | Lair:1   | Noticed a six-headed hydra
  7593 | Lair:1   | HP: 2/144 [12-headed hydra (7)]
  7593 | Lair:1   | Slain by a 12-headed hydra

Vault maps used:
D:1:      nagdon_arrival_double_spiral, minmay_strange_pillars
D:2:      kennysheep_big_flooded_room, old_standard_altar, lemuel_crystal_altar
D:3:      old_standard_altar, fiery_altar_vehumet, marbit_many_paths,
          hex_medium, st_stairs_7, uniq_purgy
D:4:      grunt_qazlal_clouds, lemuel_round_altar, old_standard_altar,
          first_bread, uniq_duvessa
D:5:      xom_teletrap_fun, old_standard_altar, serial_shops,
          kennysheep_little_box, nicolae_shop_waterfront, nicolae_shop_crystal,
          shop_fountains, kennysheep_generic_room_2
D:6:      nicolae_overflow_crystal_walls, uniq_pikel, uniq_edmund,
          uniq_eustachio, uniq_sigmund, uniq_grinder
D:7:      nicolae_gozag_cash_rules_everything_around_me,
          overflow_temple_1_default, minmay_temple_entry_large_hall, the_bakery,
          nemelex_dance_club_becter
D:8:      kennysheep_mini, serial_shops, shop_fountains, nicolae_shop_trees,
          kennysheep_generic_room_16
Lair:1:   beast_lair_carwin_8

Skill      XL: |  1  2  3  4  5  6  7  8  9 10 |
---------------+-------------------------------+-----
Fighting       | 3 4 5 7 |  7.8
Axes           | 4 5 6 8 9 |  9.3
Armour         | 3 4 5 6 |  6.4
Dodging        | 3 4 5 6 |  6.3
Evocations     | 3 5 |  5.3
Shields        | 1 6 |  6.4

Action                   |  1- 3 |  4- 6 |  7- 9 | 10-12 || total
-------------------------+-------+-------+-------+-------++-------
Melee: Hand axe          |   125 |   227 |   393 |       ||   745
       Broad axe         |       |       |   119 |    80 ||   199
Invok: Berserk           |       |     3 |     7 |     1 ||    11
       Trog's Hand       |       |     2 |     4 |     2 ||     8
       Burn Spellbooks   |       |       |       |     1 ||     1
 Abil: Device Recharging |       |     1 |     3 |       ||     4
Evoke: Wand              |     1 |     4 |    13 |     4 ||    22
 Stab: Distracted        |       |       |     1 |       ||     1
  Eat: Chunk             |     2 |     6 |    16 |     3 ||    27
       Beef jerky        |       |     1 |       |       ||     1
       Fruit             |       |       |     4 |       ||     4
       Meat ration       |       |       |     1 |       ||     1
       Royal jelly       |       |       |     1 |       ||     1
       Pizza             |       |       |     1 |       ||     1
Armor: Animal skin       |    12 |       |       |       ||    12
       Scale mail        |    17 |       |       |       ||    17
       Chain mail        |    62 |   158 |   292 |    55 ||   567
Dodge: Dodged            |    99 |   139 |   291 |    71 ||   600
Block: Buckler           |       |       |     1 |    28 ||    29
